Frizzbo, neutral female gnomish Wizard ------- # ----- |).....###### -|---- #-..^.####-..>.*| # |.)..| #|...| ##|.....-#######f.G...#### #|...|####------- ---.-- # #|...|# ##### # ### #||..|# # # # #-----# ### ### ### ####### # # ### # ### ## #### # # ----|--------- ## ##### # ###|............| ### # #.............| # |............| `######## |...{........| # -------------- ###------ #-.<..| |....| ------ Frizzbo the Conjurer Experience level: 4 Strength: 9 Dexterity: 9 Constitution: 13 Intelligence: 18 Wisdom: 17 Charisma: 10 Health: 0(27) Energy: 33(33) Def: 3 Gold: 293 Moves: 1833 Dungeon seed: IFIvLNBkYufNX97Z Game ID: Frizzbo_1465760574 Your Inventory: Coins $ - 293 gold pieces Weapons a - a blessed +1 quarterstaff f - an uncursed +2 aklys (weapon in hand) Armor e - an uncursed +0 cloak of magic resistance (being worn) q - a blessed +0 orcish ring mail (being worn) Comestibles i - an uncursed lichen corpse o - an uncursed sprig of wolfsbane Scrolls g - an uncursed scroll of taming m - an uncursed scroll of enchant weapon Spellbooks b - a blessed spellbook of force bolt c - an uncursed spellbook of knock Potions w - an uncursed potion of gain ability Wands d - an uncursed wand of nothing (0:8) t - an uncursed wand of cold (0:5) Gems n - an uncursed luckstone r - an uncursed worthless piece of blue glass Spells and supernatural/magical abilities: Name Level Category Fail Memory a - force bolt 1 attack 40% 91% k - knock 1 matter 40% 91% W - pray for help -- divine ? -- Your skills at the end: Miscellaneous Skills wands [Basic] Weapon Skills dagger [Basic] club [Basic] quarterstaff [Basic] crossbow [Basic] Spellcasting Skills attack spells [Basic] enchantment spells [Basic] Final Attributes: You were devoutly aligned. You were magic-protected. You had infravision. You were lucky. You had extra luck. Bad luck did not time out for you. Good luck did not time out for you. You are dead. Vanquished creatures: a floating eye a kobold lord a large kobold 2 geckos 4 giant rats a green mold 5 jackals 3 newts 2 goblins 11 grid bugs 2 bats 10 lichens a kobold zombie 44 creatures vanquished. Voluntary challenges: You did not adorn yourself with jewelry or accessories. You used a wielded weapon 65 times, starting on turn 12. You did not use tools. You read items or engraved 2 times, starting on turn 1449. You never genocided any monsters. You never polymorphed an object. You never changed form. You used no wishes. You never split a pudding. You never wrote Elbereth's name. You never violated your personal moral code. Dungeon overview: The Dungeons of Doom: levels 1 to 3 Level 1 some fountains, a sink a long staircase Level 2 a general store Level 3 <- You were here an altar to Ptah, a fountain History has recorded: On T:1 you entered the Dungeons of Doom to retrieve the Amulet of Yendor! On T:289 you advanced to experience level 2. On T:541 you advanced to experience level 3. On T:866 you reached level 2 of The Dungeons of Doom. On T:1531 you reached level 3 of The Dungeons of Doom. On T:1751 you advanced to experience level 4. Score breakdown: Gold: 293 ( 29 points) Experience: 4 levels ( 300 points) Exploration: 3 levels ( 60 points) Discoveries: 2 items ( 100 points) Variety of kills: 13 monsters ( 650 points) Major goal: (nothing yet) ( 0 points) Survival: died (score multiplied by 3) Total score: 3417 Latest messages: You hit the kobold lord. The kobold lord punches you! The kobold lord is killed! You see here a kobold lord corpse. A - a kobold lord corpse. You rebalance your load. Movement is difficult. The grid bug bites! (2x) You kill the grid bug! You displace Taco. Nothing happens. A kobold lord corpse lands on the altar. Your movements are now unencumbered. You hit the floating eye. As you meet its deep, meaningful gaze, you feel its suffering as though it were your own. You kill the floating eye! The bolt of cold bounces! The bolt of cold hits you! You die... Final status: Goodbye Frizzbo the Wizard, killed by a bolt of cold... You died in The Dungeons of Doom on dungeon level 3 with 3417 points, and 293 pieces of gold, after 1833 moves. You were level 4 with a maximum of 27 hit points when you died.